 Dungeon Crawl Stone Soup version 0.32-a0-975-g85d4e5bfdb (webtiles) character file.

Game seed: 16111795151656108501

30 kae the Changeling (level 3, 0/26 HPs)
             Began as a Demonspawn Shapeshifter on Apr 18, 2024.
             Slain by Robin
             ... wielding a +0 mace
              (6 damage)
             ... on level 1 of the Dungeon.
             The game lasted 00:00:35 (937 turns).

kae the Changeling (Demonspawn Shapeshifter)         Turns: 937, Time: 00:00:35

Health: 0/26       AC:  2    Str: 14    XL:     3   Next: 3%
Magic:  3/3        EV: 11    Int: 10    God:
Gold:   47         SH:  0    Dex: 14    Spells: 2/2 levels left

rFire   . .          .
                       - Unarmed
rCold   . . .        (no shield)
rNeg    . . .        a - +0 animal skin
rPois   .            (helmet currently unavailable)
rElec   .            (cloak currently unavailable)
rCorr   .            (gloves currently unavailable)
SInv    .            (boots currently unavailable)
Will    .....        (no amulet)
Stlth   +            (no ring)
HPRegen 0.24/turn    (no ring)
MPRegen 0.16/turn

%: no passive effects
@: beast-form
A: beast (slay +1), magic regeneration
a: Begin Untransformation


You were on level 1 of the Dungeon.
You were a hulking beast.
You visited 1 branch of the dungeon, and saw 2 of its levels.

You collected 47 gold pieces.


Innate Abilities, Weirdness & Mutations

You are a hulking beast.
Your limbs bulge with bestial killing power. (Slay +1)
You regenerate magic rapidly.


   Skills:
 - Level 1.0 Fighting
 - Level 1.7 Dodging
 + Level 3.1 Unarmed Combat
 * Level 3.4 Shapeshifting


You had 2 spell levels left.
You didn't know any spells.
Your spell library contained the following spells:

 Spells                   Type           Power      Damage    Failure   Level
 Sting                    Conj/Alch      0%         1d3       36%         1
 Mercury Vapours          Alch/Air       0%         N/A       50%         2
 Olgreb's Toxic Radiance  Alch           0%         N/A       98%         4

Inventory:

Missiles
 e - 6 javelins (quivered)
 h - a stone
Armour
 a - a +0 animal skin (worn)
Jewellery
 g - a ring of willpower
   (You found it on level 1 of the Dungeon)
Talismans
 c - a beast talisman (active)
 d - a flux talisman
Scrolls
 i - a scroll of revelation {unknown}
Potions
 b - a potion of lignification {!q}
 f - a potion of invisibility {unknown}

Dungeon Overview and Level Annotations

Branches:
Dungeon (2/15) Zot: 11065

Altars:

Annotations:
D:1 Robin

#.# #.# #.#.# #.# #.#
#...# ##.### #.#
#..## .....# #.#
####..# ###..# #.#
#.....# #..# #.#
#....##
###..###.#####....###
....)...[##....g....#
##..............h...#
#...######.........#
###.# ####...####
##.# #...# #..# #...#
#.## ##.## #.# #.#
#.# #.# ###.# #.#


You could see Robin.


Message History

No target in view!
No target in view!
Done exploring.
No target in view!
No target in view!
Done exploring.
No target in view!
No target in view!
Done exploring.
There is a stone staircase leading down here.
You climb downwards.
Robin shouts!
The goblin shouts!
The hobgoblin shouts! x2; The goblin shouts!
There is a stone staircase leading up here.
There are monsters nearby!
There are monsters nearby!
The goblin shouts!
You punch the goblin!
You kill the goblin!
The hobgoblin hits you but does no damage.
Robin throws the goblin at you!
You hit the goblin.
You kill the goblin!
Robin throws the goblin at you! The hobgoblin closely misses you.
The goblin closely misses you.
There are monsters nearby!
You hit the goblin.
You kill the goblin!
The hobgoblin hits you but does no damage.
You have reached level 3!
Your experience leads to an increase in your attributes!
Increase (S)trength, (I)ntelligence, or (D)exterity?
You feel agile. x2 😕 HP[+2] MP[+1]
You now have 26 max hp (+5).
You regained 2 hp, and now have 23/26 hp.
Your mp is fully restored (3).
You barely miss the hobgoblin. You hit the hobgoblin. The hobgoblin misses you.
You barely miss the hobgoblin.
Robin roars a battlecry!
The goblins go into a battle-frenzy!
The hobgoblin hits you. 😮 HP[-4]
You take 4 damage, and now have 19/26 hp.
You closely miss the hobgoblin. The hobgoblin closely misses you.
The hobgoblin barely misses you.
You climb upwards.
There is a stone staircase leading down here. 😕 HP[+1] Unknown command.
You hit the hobgoblin.
You kill the hobgoblin!
No target in view!
You start resting. 😕 HP[+2]
You regained 2 hp, and now have 22/26 hp.
You start resting. 😎 HP[+4]
Your hp is fully restored (26).
You climb downwards.
Level annotation: Robin Robin roars a battlecry!
The goblins go into a battle-frenzy!
Robin hits you with a +0 mace.
There is a stone staircase leading up, spattered with blood here. 😕 HP[-2]
You take 2 damage, and now have 24/26 hp.
Robin says, "My goblins will feast on your bones."
Robin closely misses you.
You climb upwards.
There is a stone staircase leading down here. 😕 HP[+1] Unknown command.
You barely miss Robin. Robin closely misses you.
You hit Robin. Robin hits you with a +0 mace. 😕 HP[-3]
You take 3 damage, and now have 22/26 hp.
You hit Robin. Robin hits you with a +0 mace.
You are too injured to fight recklessly! 😮 HP[-6]
You take 6 damage, and now have 16/26 hp.
MASSIVE DAMAGE!! (PAUSE)
You barely miss Robin. Robin closely misses you. 😮 HP[+1]
You closely miss Robin. Robin hits you with a +0 mace.
* * * LOW HITPOINT WARNING * * *
😨 HP[-6]
You take 6 damage, and now have 11/26 hp.
MASSIVE DAMAGE!! (PAUSE)
You barely miss Robin. You hit Robin. Robin hits you but does no damage.
You barely miss Robin. Robin hits you with a +0 mace.
* * * LOW HITPOINT WARNING * * *
😱 HP[-5]
You take 5 damage, and now have 6/26 hp.
Unknown command.
You closely miss Robin. Robin closely misses you.
You hit Robin. Robin hits you with a +0 mace.
You die...
Robin lets out a smug laugh.

Skill      XL: |  1  2 |
---------------+-------+-----
Shapeshifting  | 3 |  3.4
Unarmed Combat | 3 |  3.1
Fighting       | |  1.0
Dodging        | |  1.7

Action                     || total
---------------------------++-------
  Melee: Unarmed           ||    82
         Punch             ||     2
   Stab: Sleeping          ||     2
 Armour: Animal skin       ||    52
  Dodge: Dodged            ||    40

Levels and vault maps discovered:
D:1:      giann_forest_graveyard, layout_loops_ring, serial_shops, shop
D:2:      layout_loops_ring, uniq_robin, uniq_natasha

Notes
Turn   | Place    | Note
-------+----------+-------------------------------------------
     0 | D:1      | kae the Demonspawn Shapeshifter began the quest for the
                  | Orb.
     0 | D:1      | Reached XP level 1. HP: 15/15 MP: 1/1
     0 | D:1      | magus.rc [v1.11.3]
   112 | D:1      | Reached skill level 3 in Shapeshifting
   115 | D:1      | Gained mutation: You regenerate magic rapidly. [demonic
                  | ancestry]
   115 | D:1      | Reached XP level 2. HP: 16/21 MP: 2/2
   199 | D:1      | You add the spells Sting, Mercury Vapours and Olgreb's
                  | Toxic Radiance to your library.
   220 | D:1      | Reached skill level 3 in Unarmed Combat
   471 | D:1      | Found Sotuemypt's Distillery.
   889 | D:2      | Noticed Robin
   893 | D:2      | Reached XP level 3. HP: 23/26 MP: 3/3
   935 | D:1      | HP: 6/26 [Robin/+0 mace (6)]
   937 | D:1      | Slain by Robin

Vanquished Creatures
  A dart slug (D:1)
  2 endoplasms (D:1)
  A giant cockroach (D:1)
  6 goblins
  4 hobgoblins (D:1)
  4 jackals (D:1)
  2 ball pythons (D:1)
  2 bats (D:1)
  A frilled lizard (D:1)
  A rat (D:1)
24 creatures vanquished.

Table legend:
 A = Non-vault XP
 B = Vault XP
 C = Vault XP percentage of total XP
 D = Non-vault monster count
 E = Vault monster count
 F = Vault count percentage of total count
                 A         B        C        D         E       F
            +---------+---------+-------+---------+---------+-------
      Total |      36 |       7 |  16.3 |      20 |       4 |  16.7
            +---------+---------+-------+---------+---------+-------
        D:1 |      36 |       2 |   5.3 |      20 |       1 |   4.8
        D:2 |       0 |       5 | 100.0 |       0 |       3 | 100.0
            +---------+---------+-------+---------+---------+-------

Skill      XL: |  1  2 |
---------------+-------+-----
Shapeshifting  | 3 |  3.4
Unarmed Combat | 3 |  3.1
Fighting       | |  1.0
Dodging        | |  1.7

Action                     || total
---------------------------++-------
  Melee: Unarmed           ||    82
         Punch             ||     2
   Stab: Sleeping          ||     2
 Armour: Animal skin       ||    52
  Dodge: Dodged            ||    40

Illustrated notes

Table legend:
 A = Kills in this place as a percentage of kills in the entire game.
 B = Kills by you in this place as a percentage of kills by you in the entire game.
 C = Kills by friends in this place as a percentage of kills by friends in the entire game.
 D = Other kills in this place as a percentage of other kills in the entire game.
 E = Experience gained in this place as a percentage of experience gained in the entire game.
 F = Experience gained in this place divided by the number of levels of this place that you have seen.
                   A       B       C       D       E      F
               +-------+-------+-------+-------+-------+----------------------
         Total | 100.0 | 100.0 |   N/A |   N/A | 100.0 |  21.5
       Dungeon | 100.0 | 100.0 |   N/A |   N/A | 100.0 |  21.5
               +-------+-------+-------+-------+-------+----------------------

Table legend: (Time is in decaauts)
 A = Elapsed time spent in this place.
 B = Non-inter-level travel time spent in this place.
 C = Inter-level travel time spent in this place.
 D = Time resting spent in this place.
 E = Time spent auto-exploring this place.
 F = Levels seen in this place.
 G = Mean time per level.
                   A        B        C        D        E       F      G
               +--------+--------+--------+--------+--------+-----+--------+
         Total |    933 |    905 |     28 |    102 |    662 |   2 |  466.5 |
       Dungeon |    933 |    905 |     28 |    102 |    662 |   2 |  466.5 |
               +--------+--------+--------+--------+--------+-----+--------+

Top non-repeatable levels by time:
     D:1: 922 daAuts
     D:2: 11 daAuts
